 Dungeon Crawl Stone Soup version 0.19.4-9-g45fd643 (webtiles) character file.

463 volk64 the Ruffian (level 6, -2/67 HPs)
             Began as a Troll Chaos Knight on Feb 22, 2017.
             Succumbed to Sagrath01's ghost's poison
             ... on level 4 of the Dungeon.
             The game lasted 00:15:16 (2903 turns).

volk64 the Ruffian (Troll Chaos Knight)             Turns: 2903, Time: 00:15:17

Health: -2/67      AC:  7    Str: 22      XL:     6   Next: 79%
Magic:  5/5        EV: 16    Int:  8      God:    Xom [*.....]
Gold:   136        SH:  0    Dex: 14 (15) Spells: 0 memorised, 5 levels left

rFire  x . .     SeeInvis .     o - +4 quarterstaff (chaos)
rCold  + . .     Gourm    +     a - +2 robe
rNeg   . . .     Faith    .     (shield currently unavailable)
rPois  .         Spirit   .     (helmet restricted)
rElec  .         Reflect  .     (no cloak)
rCorr  .         Harm     .     (gloves unavailable)
MR     .....                    (boots unavailable)
Stlth  ++........               (no amulet)
                                (no ring)
                                d - ring of ice

@: agile, lethally poisoned (-2 -> -25)
A: unfitting armour, claws 3, talons 1, blurry vision 1, fast metabolism 3,
gourmand, regeneration 1, robust 1, shaggy fur 1, tough skin 2
a: Renounce Religion


You were on level 4 of the Dungeon.
You worshipped Xom.
You were a special plaything of Xom.
You were very full.

You visited 1 branch of the dungeon, and saw 4 of its levels.

You collected 136 gold pieces.

Inventory:

Hand Weapons
 c - a -1 dagger
 m - a +0 halberd
 o - a +4 quarterstaff of chaos (weapon)
Armour
 a - a +2 robe (worn)
Jewellery
 d - a ring of ice (left claw)
Wands
 u - a wand of iceblast (5/15)
Scrolls
 f - 3 scrolls of identify
 j - a scroll of teleportation {unknown}
 k - 5 scrolls of remove curse
 n - 3 scrolls of immolation {unknown}
 p - a scroll of enchant armour {unknown}
 q - a scroll of fog
Potions
 l - a potion of ambrosia {unknown}
 t - a potion of cure mutation
Comestibles
 b - 3 bread rations
 g - a royal jelly
 h - 3 meat rations
 i - a slice of pizza


   Skills:
 + Level 3.2 Fighting
 + Level 1.1 Short Blades
 + Level 2.4 Staves
 + Level 3.3 Dodging
 + Level 0.5 Stealth
 + Level 5.0 Unarmed Combat


You had 5 spell levels left.
You didn't know any spells.

Dungeon Overview and Level Annotations

Branches:
Dungeon (4/15)
 Temple: D:4-7

Altars:
Kikubaaqudgha

Annotations:
D:4 Sagrath01's ghost, amateur HESk


Innate Abilities, Weirdness & Mutations

You are too large for most types of armour.
You have claws for hands.
Your metabolism is lightning-fast.
You like to eat raw meat.
Your natural rate of healing is unusually fast.
You are covered in fur. (AC +1)
You have very tough skin. (AC +2)
You have sharp toenails.
Scrolls take you a little longer to read.
You are robust. (+10% HP)


Message History

* * * LOW HITPOINT WARNING * * *
You are lethally poisoned!
It was a potion of magic.
Magic courses through your body.
* * * LOW HITPOINT WARNING * * *
You feel sick. Sagrath01's ghost hits you.
* * * LOW HITPOINT WARNING * * *
You are more poisoned.
It was a potion of agility.
You feel agile all of a sudden.
* * * LOW HITPOINT WARNING * * *
You feel very sick. Sagrath01's ghost closely misses you.
Sagrath01's ghost's shroud bends your attack away!
* * * LOW HITPOINT WARNING * * *
You feel very sick.
Sagrath01's ghost hits you but does no damage.
You are more poisoned.
Sagrath01's ghost's shroud bends your attack away.
You die...
Xom chortles!

≈≈#≈≈≈≈≈#≈≈≈..# #.#
...
≈≈≈≈≈≈≈#≈≈≈≈.####.##.#
≈≈≈≈≈≈≈≈≈≈≈≈≈##......#
†.≈≈≈†≈≈≈≈≈≈≈≈.....#
?≈≈≈...≈.!.≈≈≈..#..#
.....<†8?..#≈......#
.(≈≈...≈≈.≈≈≈≈####.#
≈≈≈≈≈≈≈≈≈≈≈≈≈#####.#
≈≈≈≈≈≈≈#≈≈≈≈≈..†@Ww#
≈≈≈≈≈≈≈≈≈≈≈≈..######
≈≈≈≈≈≈≈≈#≈≈≈..#
#≈#≈≈≈≈≈#≈≈...#
#.≈≈≈≈≈≈#.#...#


You could see Sagrath01's ghost and a dart slug.

Vanquished Creatures
  Sigmund (D:3)
  A scorpion (D:3)
  Crazy Yiuf (D:2)
  Jessica (D:3)
  Robin (D:2)
  3 gnolls (D:2)
  4 adders
  An ooze (D:1)
  5 worms
  7 dart slugs
  A leopard gecko (D:3)
  An orc (D:3)
  A ball python (D:2)
  6 bats
  2 bat zombies (D:3)
  4 giant cockroaches
  15 goblins
  10 hobgoblins
  7 jackals (D:2)
  8 kobolds
  3 quokkas
  A frilled lizard (D:1)
  5 rats (D:1)
  2 rat zombies (D:3)
91 creatures vanquished.

Vanquished Creatures (collateral kills)
  2 dart slugs (D:4)
  A giant cockroach (D:4)
3 creatures vanquished.

Grand Total: 94 creatures vanquished

Notes
Turn   | Place    | Note
-------+----------+-------------------------------------------
     0 | D:1      | volk64 the Troll Chaos Knight began the quest for the Orb.
     0 | D:1      | Reached XP level 1. HP: 22/22 MP: 0/0
   144 | D:1      | XOM: harmless Fire miscast
   156 | D:1      | Reached XP level 2. HP: 17/29 MP: 1/1
   667 | D:1      | XOM: give mutation
   667 | D:1      | Gained mutation: You are resistant to hostile enchantments. (MR+) [Xom's grace]
   781 | D:2      | Noticed Robin
   796 | D:2      | Reached XP level 3. HP: 36/36 MP: 2/2
   811 | D:2      | XOM: harmless Conj miscast
   894 | D:2      | XOM: cloud trail
  1053 | D:2      | XOM is BORED!
  1070 | D:2      | XOM: mild Tloc miscast
  1071 | D:2      | Noticed a spatial vortex
  1159 | D:2      | Lost mutation: You are resistant to hostile enchantments. (MR+) [potion of cure mutation]
  1160 | D:2      | Gained mutation: You have sharp toenails. [potion of mutation]
  1160 | D:2      | Gained mutation: Scrolls take you a little longer to read. [potion of mutation]
  1160 | D:2      | Gained mutation: You are robust. (+10% HP) [potion of mutation]
  1166 | D:2      | Killed Robin
  1166 | D:2      | Reached skill level 1 in Short Blades
  1166 | D:2      | Reached XP level 4. HP: 43/48 MP: 3/3
  1183 | D:2      | Reached skill level 4 in Unarmed Combat
  1604 | D:2      | Reached XP level 5. HP: 20/57 MP: 4/4
  1734 | D:2      | Found a runed door.
  1906 | D:2      | XOM: scenery: 2 doors open
  1916 | D:2      | Noticed Crazy Yiuf
  1919 | D:2      | Killed Crazy Yiuf
  2239 | D:3      | Noticed Sigmund
  2243 | D:3      | XOM: 2-stop teleportation journey
  2277 | D:3      | Reached skill level 1 in Staves
  2289 | D:3      | XOM: 5-stop teleportation journey
  2441 | D:3      | Noticed Jessica
  2446 | D:3      | Killed Jessica
  2446 | D:3      | Reached XP level 6. HP: 63/64 MP: 5/5
  2589 | D:3      | Killed Sigmund
  2589 | D:3      | Reached skill level 5 in Unarmed Combat
  2643 | D:3      | Found an ancient bone altar of Kikubaaqudgha.
  2672 | D:3      | XOM: summons 3 hostile demons
  2837 | D:4      | Noticed Sagrath01's ghost (amateur HESk)
  2841 | D:4      | XOM: confusion
  2848 | D:4      | XOM: cast spell 'Discord'
  2902 | D:4      | HP: 2/67 [poisoned by Sagrath01's ghost]
  2903 | D:4      | Succumbed to Sagrath01's ghost's poison

Skill      XL: |  1  2  3  4  5  6 |
---------------+-------------------+-----
Dodging        | 2 3 |  3.3
Short Blades   | 1 |  1.1
Unarmed Combat | 4 5 |  5.0
Staves         | 1 2 |  2.4
Fighting       | 3 |  3.2
Stealth        | |  0.5

Action                   |  1- 3 |  4- 6 || total
-------------------------+-------+-------++-------
Melee: Dagger            |    72 |       ||    72
       Unarmed           |    80 |    83 ||   163
       Punch             |     3 |       ||     3
       Kick              |       |    44 ||    44
       Quarterstaff      |       |   116 ||   116
  Use: Scroll            |     4 |       ||     4
       Potion            |     2 |     7 ||     9
 Stab: Sleeping          |       |     1 ||     1
  Eat: Chunk             |    16 |    16 ||    32
Armor: Robe              |    83 |    86 ||   169
Dodge: Dodged            |    87 |   128 ||   215
